Map: Flashback LE

Players

A.I. 1 (Elite) - Winner!

  • Race: Protoss Protoss
  • Spawn Location: 9:00

Furis

  • Race: Terran Terran
  • Spawn Location: 7:00

VOD

Have the link to the VOD?

Description

Time

  • Played on: March 31, 2021, 2:54 p.m.
  • Length: 8:02
Show
View Real Time Build Order
Export as new Build Order

A.I. 1 (Elite) Protoss - Winner!

Build Orders: Zealot Archon 

Get SALT Encoding   

  12  0:00  Probe  
  13  0:13  Probe  
  14  0:20  Pylon  
  14  0:25  Probe  
  15  0:34  Probe  
  15  0:42  Probe  
  16  0:48  Assimilator  
  17  0:51  Gateway  
  17  0:52  Probe  
  18  1:00  Probe  
  18  1:01  Pylon  
  19  1:08  Probe  
  20  1:18  Probe  
  21  1:35  Gateway  
  21  1:37  Probe  
  21  1:39  Zealot  
  24  1:41  Cybernetics Core  
  24  1:46  Pylon  
  24  1:49  Probe  
  25  1:57  Zealot  
  25  2:01  Probe  
  28  2:09  Assimilator  
  28  2:13  Probe  
  29  2:19  Warp Gate  
  29  2:23  Adept x2  
  29  2:25  Probe  
  34  2:38  Probe  
  34  2:39  Pylon  
  35  2:50  Probe  
  36  2:52  Adept  
  36  2:53  Sentry  
  40  3:02  Probe  
  41  3:14  Probe, Nexus  
  42  3:21  Stalker  
  42  3:26  Probe  
  45  3:38  Robotics Facility, Probe  
  46  3:50  Probe  
  46  3:52  Pylon  
  47  3:59  Forge  
  47  4:02  Probe  
  41  4:10  Probe  
  42  4:18  Probe  
  43  4:25  Observer  
  43  4:26  Probe x2  
  34  4:34  Photon Cannon  
  34  4:35  Probe, Photon Cannon  
  34  4:41  Probe  
  36  4:47  Probe  
  37  4:53  Probe  
  37  4:59  Probe  
  39  5:05  Probe  
  38  5:09  Probe  
  37  5:17  Probe x2  
  38  5:25  Probe  
  38  5:28  Adept  
  41  5:29  Probe  
  41  5:33  Probe  
  43  5:38  Adept  
  43  5:41  Probe  
  47  5:43  Probe  
  47  5:48  Twilight Council  
  48  5:53  Probe  
  48  5:55  Probe  
  47  6:05  Probe  
  47  6:08  Stalker  
  46  6:15  Stalker  
  48  6:26  Templar Archives  
  48  6:28  Zealot  
  48  6:29  Probe  
  48  6:31  Probe  
  52  6:38  Stalker  
  54  6:41  Probe  
  54  6:43  Probe  
  54  6:45  Gateway  
  56  6:52  Stalker  
  56  6:53  Probe  
  59  6:58  Probe  
  59  6:59  Pylon  
  60  7:04  High Templar  
  60  7:05  Probe  
  63  7:11  Probe  
  63  7:15  High Templar  
  66  7:17  Probe  
  66  7:21  Archon  
  67  7:23  Probe  
  67  7:25  Pylon  
  67  7:28  Probe  
  69  7:36  High Templar  
  71  7:38  Sentry, Assimilator  
  71  7:39  Probe, Stalker  
  71  7:40  Assimilator  
  76  7:45  Probe  
  76  7:46  Pylon  
  76  7:49  Probe  
  79  8:00  High Templar  
  79  8:01  Stalker  
Show
View Real Time Build Order
Export as new Build Order

Furis Terran 

Build Orders: Mech 

Get SALT Encoding   

  12  0:00  SCV  
  13  0:13  SCV  
  14  0:18  Supply Depot  
  14  0:25  SCV  
  15  0:31  Refinery  
  15  0:46  Barracks  
  15  0:48  SCV  
  16  1:00  SCV  
  17  1:11  Refinery  
  17  1:12  SCV  
  18  1:25  SCV  
  19  1:38  Orbital Command  
  19  1:41  Factory  
  19  1:44  Barracks Reactor  
  19  1:59  Supply Depot  
  19  2:03  SCV  
  20  2:15  SCV  
  21  2:32  Armory  
  21  2:35  Widow Mine x2, Starport  
  25  2:45  SCV  
  26  2:54  Supply Depot  
  26  2:57  SCV  
  27  3:07  Widow Mine x2  
  31  3:16  SCV  
  32  3:20  Medivac  
  34  3:28  SCV  
  34  3:29  Widow Mine x2  
  34  3:31  Terran Vehicle And Ship Armor Level 1  
  39  4:24  SCV  
  38  4:36  SCV  
  39  4:44  Medivac  
  39  4:45  Widow Mine x2  
  45  4:47  Command Center  
  45  4:50  SCV  
  44  4:59  Supply Depot  
  42  5:06  Widow Mine x2  
  40  5:24  Factory  
  40  5:26  Factory, SCV  
  41  5:28  Factory  
  41  5:29  Factory  
  41  5:38  SCV  
  34  6:14  Factory Tech Lab, Factory Reactor  
  34  6:15  Factory Tech Lab  
  34  6:16  Factory Reactor  
  34  6:17  Starport Reactor  
  34  6:23  Orbital Command, Refinery  
  34  6:25  SCV  
  35  6:27  Refinery  
  35  6:37  SCV  
  36  6:49  SCV  
  37  6:55  Siege Tank, Command Center  
  37  6:56  Siege Tank  
  37  6:57  Hellion x3  
  37  6:58  Hellion  
  51  7:01  SCV, Factory Tech Lab  
  52  7:13  Supply Depot  
  52  7:14  SCV x2  
  54  7:25  Supply Depot  
  54  7:26  SCV x2  
  54  7:27  Armory  
  59  7:38  SCV x2  
  72  7:50  SCV  
  74  7:59  Refinery  
Tags
 
Matchup
PvT
Spawn Locations
Close Positions
Add a new tag
Caveats
  • Supply blocks, unpowered buildings, or Contaminate may cause inaccurate times.
  • Supply counts are checked every 10 seconds.